AoeStats
← timdeclercq55

Arabia

510155326Analyzed
2v2 RM · 4d ago on Sep 29, 2026· 92m 46s· 4 players
Game mode
Random Map
Map size
Medium (4 player)
Population
200
Speed
Normal
Resources
Standard
Victory
Conquest
Starting age
Dark Age
Ending age
Imperial Age
RankedLock teamsTeams togetherTeam positionsShared explorationLock speedFull tech treeHidden civsTurbo modeCheats
Victory
Defeat
🇧🇪 Saxons · Belgium
944
+16
🇧🇪 Danes · Belgium
898
+17
🇹🇷 Teutons · Türkiye
941
-49
🇹🇷 Franks · Türkiye
928
-42
B0nzo53
6:50 Loom
10:19 Feudal Age
11:04 Double-Bit Axe
15:09 Fletching
19:13 Wheelbarrow
24:00 Castle Age
23:26 Padded Archer Armor
24:04 Crossbowman
24:49 Thumb Ring
26:07 Pikeman
28:27 Bodkin Arrow
28:33 Scale Mail Armor
30:22 Chain Mail Armor
41:53 Forging
42:23 Squires
42:46 Horse Collar
48:34 Imperial Age
47:40 Iron Casting
49:14 Heavy Plow
50:31 Crop Rotation
50:26 Hand Cart
50:51 Bow Saw
50:08 Elite Varangian Guard
51:18 Gold Mining
52:35 Gold Shaft Mining
53:44 Plate Mail Armor
53:31 Halberdier
55:41 Hoardings
56:35 Shield Wall
57:36 Conscription
59:22 Two-Man Saw
59:17 Caravan
65:29 Arson
71:52 Coinage
71:38 Guilds
81:42 Sappers
88:38 Town Watch
88:57 Spies/Treason
timdeclercq55
4:23 Loom
12:02 Feudal Age
12:37 Man-at-Arms
13:11 Town Watch
13:16 Double-Bit Axe
14:37 Horse Collar
15:15 Arson
17:01 Scale Mail Armor
20:30 Forging
28:28 Castle Age
28:30 Pikeman
29:13 Squires
31:41 Chain Mail Armor
31:53 Gambesons
31:29 Long Swordsman
32:34 Heavy Plow
34:58 Iron Casting
34:32 Town Patrol
36:51 Hamask
58:18 Wheelbarrow
69:15 Imperial Age
69:38 Halberdier
70:50 Onager
74:01 Hand Cart
75:14 Elite Jomsviking
79:21 Chemistry
78:44 Ballistics
79:58 Hoardings
83:26 Murder Holes
84:04 Conscription
83:05 Northmen's Fury
88:25 Spies/Treason
bearrupert
10:31 Feudal Age
15:14 Double-Bit Axe
18:57 Castle Age
17:41 Double-Bit Axe
19:59 Forging
20:20 Scale Barding Armor
20:25 Husbandry
24:33 Iron Casting
27:33 Chain Barding Armor
30:23 Gold Mining
34:24 Gold Shaft Mining
33:41 Stone Mining
42:45 Imperial Age
46:21 Blast Furnace
45:56 Plate Barding Armor
47:00 Plate Barding Armor
48:09 Loom
48:39 Cavalier
52:27 Paladin
ZiaedwenN
11:29 Feudal Age
13:46 Double-Bit Axe
13:45 Horse Collar
17:41 Bloodlines
17:43 Loom
21:14 Castle Age
20:22 Scale Barding Armor
20:27 Forging
35:42 Heavy Plow
35:35 Gold Mining
35:58 Bow Saw
45:15 Scale Barding Armor
45:21 Forging
51:39 Chain Barding Armor
51:54 Iron Casting
55:19 Imperial Age
Connection lost

Rejoining the realm…

Still unreachable

The connection could not be restored.

Session expired

The server has moved on; the page needs a fresh start.